 Dungeon Crawl Stone Soup version 0.30-a0-743-gbfdf073431 (webtiles) character file.

Game seed: 10000989774521294470

2 epen the Charlatan (level 1, -3/13 HPs)
             Began as a Gnoll Wanderer on Feb 5, 2023.
             Slain by a hobgoblin (4 damage)
             ... on level 1 of the Dungeon.
             The game lasted 00:00:31 (42 turns).

epen the Charlatan (Gnoll Wanderer)                   Turns: 42, Time: 00:00:32

Health: -3/13      AC:  2    Str:  8    XL:     1   Next: 40%
Magic:  6/6        EV: 12    Int: 13    God:
Gold:   0          SH:  0    Dex: 12    Spells: 8/9 levels left

rFire   . . .      SeeInvis .    a - +0 dagger
rCold   . . .      Faith    .    (no shield)
rNeg    . . .      Spirit   .    c - +0 robe
rPois   .          Reflect  .    (no helmet)
rElec   .          Harm     .    (no cloak)
rCorr   .          Rampage  .    (no gloves)
Will    .....                    (no boots)
Stlth   ++                       (no amulet)
HPRegen 0.22/turn                (no ring)
MPRegen 0.10/turn                (no ring)

@: no status effects
A: fangs 1, strong nose, distributed training
a: no special abilities


You were on level 1 of the Dungeon.
You visited 1 branch of the dungeon, and saw 1 of its levels.

Inventory:

Hand Weapons
 a - a +0 dagger (weapon)
Armour
 c - a +0 robe (worn)
Scrolls
 b - a scroll of teleportation
Miscellaneous
 d - a piece from Xom's chessboard (11/15) (quivered)


   Skills:
 + Level 0.0 Fighting
 + Level 0.0 Short Blades
 + Level 0.0 Long Blades
 + Level 0.0 Axes
 + Level 0.0 Maces & Flails
 + Level 0.0 Polearms
 + Level 0.0 Staves
 + Level 0.0 Ranged Weapons
 + Level 0.0 Throwing
 + Level 0.0 Armour
 + Level 2.3 Dodging
 + Level 2.1 Stealth
 + Level 0.0 Shields
 + Level 0.0 Unarmed Combat
 + Level 4.8 Spellcasting
 + Level 1.9 Conjurations
 + Level 0.0 Hexes
 + Level 0.0 Summonings
 + Level 0.0 Necromancy
 + Level 0.0 Translocations
 + Level 0.0 Transmutations
 + Level 0.0 Fire Magic
 + Level 0.0 Ice Magic
 + Level 0.0 Air Magic
 + Level 0.0 Earth Magic
 + Level 3.6 Poison Magic
 + Level 0.1 Invocations
 + Level 6.4 Evocations


You had 8 spell levels left.
You knew the following spells:

 Your Spells              Type           Power      Damage    Failure   Level
a - Sting                 Tmut/Pois      28%        1d4       9%          1

Your spell library contained the following spells:

 Spells                   Type           Power      Damage    Failure   Level
 Kiss of Death            Conj/Necr      20%        2d7       13%         1
 Poisonous Vapours        Pois/Air       14%        N/A       14%         2
 Dazzling Flash           Conj/Hex       10%        N/A       36%         3
 Olgreb's Toxic Radiance  Pois           12%        N/A       38%         4


Dungeon Overview and Level Annotations

Branches:
Dungeon (1/15)

Altars:


Innate Abilities, Weirdness & Mutations

You have very sharp teeth.
Your uncanny sense of smell can sniff out nearby items.
Your experience applies equally to all skills.


Message History

Press: ? - help, Dir - move target, f - you
Okay, then.
Okay, then.
HP restored.
There is a stone staircase leading down here.
A kobold is nearby!
The kobold shouts!
You hear a shout!
A kobold comes into view. It is wielding a +0 short sword.
A hobgoblin comes into view.
The kobold hits you with a +0 short sword.
The hobgoblin shouts!
You hit the kobold.
You kill the kobold!
No target in view!
No target in view!
A hobgoblin comes into view.
The hobgoblin barely misses you.
You hit the hobgoblin but do no damage. The hobgoblin closely misses you.
You hit the hobgoblin but do no damage. The hobgoblin misses you.
You closely miss the hobgoblin. The hobgoblin barely misses you.
The hobgoblin hits you.
You barely miss the hobgoblin. The hobgoblin misses you. x2
You hit the hobgoblin but do no damage.
A quokka comes into view.
The hobgoblin hits you. The hobgoblin closely misses you.
You make a move on Xom's chessboard...
The hobgoblin is outlined in light.
The hobgoblin hits you.
The hobgoblin hits you but does no damage.
You make a move on Xom's chessboard...
The hobgoblin seems to speed up.
The hobgoblin misses you. The hobgoblin barely misses you.
You make a move on Xom's chessboard...
The hobgoblin barely resists.
The hobgoblin hits you. x2
* * * LOW HITPOINT WARNING * * *
The hobgoblin barely misses you.
You hit the hobgoblin but do no damage. The hobgoblin closely misses you.
The hobgoblin barely misses you.
You make a move on Xom's chessboard...
The hobgoblin twists and deforms.
The hobgoblin misses you. The hobgoblin completely misses you.
The hobgoblin hits you.
You die...

........#.# .# .#..
...8....'.#.# .##.#..
...8....'.#.# .#.....
........#.#.# .......
........#.#.# .......
≈≈≈§≈≈≈8#...# .......
#########...#####?..#
.).....)...#..g...#
########..>.r.@)$.#
#.###.g###.# ∆ #.#
#....# # #.# #.##.#
#.. ... ... #..###.
... #..# .# .... #..#
.# ..K #..#∆


You could see a quokka and 2 hobgoblins.

Vanquished Creatures
  A goblin (D:1)
  A frilled lizard (D:1)
  A kobold (D:1)
3 creatures vanquished.

Notes
Turn   | Place    | Note
-------+----------+-------------------------------------------
     0 | D:1      | epen the Gnoll Wanderer began the quest for the Orb.
     0 | D:1      | epen set off with the following items: a +0 dagger, a
                  | scroll of teleportation, a +0 robe, a piece from Xom's
                  | chessboard (15/15); and the following spells available to
                  | memorise: Sting, Kiss of Death, Poisonous Vapours, Dazzling
                  | Flash, Olgreb's Toxic Radiance.
     0 | D:1      | Reached XP level 1. HP: 13/13 MP: 6/6
    22 | D:1      | Learned a level 1 spell: Sting
    42 | D:1      | Slain by a hobgoblin

Illustrated notes

Levels and vault maps discovered:
D:1:      lightli_arrival_noodles, layout_basic

Action                     || total
---------------------------++-------
  Melee: Dagger            ||     9
  Evoke: Piece from Xom's  ||     4
 Armour: Robe              ||     1
  Dodge: Dodged            ||    14

Table legend: (Time is in decaauts)
 A = Elapsed time spent in this place.
 B = Non-inter-level travel time spent in this place.
 C = Inter-level travel time spent in this place.
 D = Time resting spent in this place.
 E = Time spent auto-exploring this place.
 F = Levels seen in this place.
 G = Mean time per level.
                   A        B        C        D        E       F      G
               +--------+--------+--------+--------+--------+-----+--------+
         Total |     42 |     42 |      0 |      0 |     13 |   1 |   42.0 |
       Dungeon |     42 |     42 |      0 |      0 |     13 |   1 |   42.0 |
               +--------+--------+--------+--------+--------+-----+--------+

Top non-repeatable levels by time:
     D:1: 42 daAuts
